[Event "France Jeunes Belfort 2017"]
[Site "Belfort"]
[Date "2017.04.16"]
[Round "3.3"]
[White "Nguyen-Cadoret, Nathan"]
[Black "Droin, Augustin"]
[Result "1/2-1/2"]
[ECO "E06"]
[WhiteElo "1930"]
[BlackElo "1738"]
[PlyCount "166"]
[EventDate "2017.??.??"]
[TimeControl "6000+365"]
[WhiteClock "0:43:30"]
[BlackClock "1:11:01"]

1. d4 Nf6 2. c4 e6 3. Nf3 d5 4. g3 Be7 5. Bg2 Nc6 6. O-O O-O 7. Nc3 Ne4 8. Be3
f5 9. Nd2 Bg5 10. f4 Bf6 11. Nf3 h6 12. Ne5 Ne7 13. Rc1 c6 14. b4 Nxc3 15. Rxc3
dxc4 16. Rxc4 Nd5 17. Bxd5 Qxd5 18. Qc2 Rd8 19. Rc5 Qd6 20. Rc1 Bd7 21. Bf2
Rac8 22. b5 Bxe5 23. dxe5 Qf8 24. Rc3 cxb5 25. Bxa7 Rxc3 26. Qxc3 Rc8 27. Bc5
Qd8 28. Qe3 Bc6 29. Bd6 Bd5 30. a3 Rxc1+ 31. Qxc1 Qd7 32. Qc7 Qxc7 33. Bxc7 Kf7
34. Kf2 Ke8 35. Ke3 Kd7 36. Bd6 h5 37. Kd4 Kc6 38. e3 g6 39. Bb4 b6 40. Bd6 Be4
41. Be7 Bd5 42. Kc3 Be4 43. Bd8 Bf3 44. Kd4 Be4 45. Be7 Bd5 46. Bb4 Be4 47. Bc3
Bc2 48. Bb2 Be4 49. Kc3 Kc5 50. Kb3 Bd5+ 51. Kc2 Kc4 52. Bd4 b4 53. axb4 b5 54.
Bc5 Be4+ 55. Kd2 Kb3 56. Ke2 Kc2 57. Kf2 Kd2 58. h3 Kd3 59. Be7 Kd2 60. Bg5 Kc3
61. Be7 Kd2 62. Bd6 Kd3 63. Bc5 Kd2 64. Bd4 Kd3 65. Ke1 Bg2 66. h4 Bf3 67. Bc5
Be4 68. Kd1 Bf3+ 69. Ke1 Be4 70. Kd1 Bd5 71. Bb6 Bc4 72. Kc1 Ke2 73. Kc2 Kf3
74. Kc3 Kxg3 75. Bd8 Kf2 76. Kd4 Kf3 77. Bg5 Be2 78. Kc5 Kxe3 79. Kd6 Bc4 80.
Ke7 Ke4 81. Kf7 Kd5 82. Kxg6 Be2 83. Kf7 Bf3 1/2-1/2

[Event "France Jeunes Belfort 2017"]
[Site "Belfort"]
[Date "2017.04.16"]
[Round "3.3"]
[White "Tahay, Romain"]
[Black "Viel, Simon"]
[Result "0-1"]
[ECO "A57"]
[WhiteElo "1971"]
[BlackElo "2220"]
[PlyCount "74"]
[EventDate "2017.??.??"]
[TimeControl "6000+1115"]
[WhiteClock "0:00:35"]
[BlackClock "0:05:39"]

1. d4 Nf6 2. c4 c5 3. d5 b5 4. Nf3 Bb7 5. Qc2 bxc4 6. e4 e6 7. Bxc4 exd5 8.
exd5 Be7 9. O-O O-O 10. Re1 d6 11. Qb3 Qd7 12. Qd3 a5 13. Bd2 Bd8 14. Bf4 Na6
15. a3 Nh5 16. Ng5 g6 17. Bd2 Bf6 18. Nc3 Nc7 19. Qf3 Bg7 20. Rad1 Ba6 21. Bxa6
Rxa6 22. g4 Nf6 23. h3 Rb6 24. Bc1 Rb3 25. Qe2 Re8 26. Qc4 Rbb8 27. Nge4 Nxe4
28. Nxe4 Nb5 29. Qa4 f5 30. Nd2 fxg4 31. Qxg4 Qf7 32. Ne4 Rf8 33. Be3 Nd4 34.
Bxd4 Bxd4 35. Rd2 Qxd5 36. Red1 Rbe8 37. Ng5 h6 0-1

[Event "France Jeunes Belfort 2017"]
[Site "Belfort"]
[Date "2017.04.16"]
[Round "3.4"]
[White "Baroyan, Davit"]
[Black "Bergougnoux, Axel"]
[Result "0-1"]
[ECO "D70"]
[WhiteElo "1964"]
[BlackElo "2194"]
[PlyCount "56"]
[EventDate "2017.??.??"]
[TimeControl "6000+1305"]
[WhiteClock "0:00:33"]
[BlackClock "0:11:28"]

1. d4 Nf6 2. c4 g6 3. f3 d5 4. cxd5 Nxd5 5. e4 Nb6 6. Nc3 Bg7 7. Be3 O-O 8. Qd2
f5 9. e5 Nc6 10. O-O-O Nb4 11. h4 h5 12. Nh3 Qe8 13. a3 Nc6 14. Nb5 Qd8 15. Nf4
Kh7 16. g4 fxg4 17. Bd3 Rxf4 18. Bxf4 gxf3 19. Qc2 Bg4 20. Bxg6+ Kh8 21. Kb1 a6
22. Nc3 Nxd4 23. Qe4 c5 24. Bg5 Nc4 25. Nd5 Qa5 26. Rd3 Qb5 27. Rh2 Ne2 28. Nc3
Qxb2# 0-1

[Event "France Jeunes Belfort 2017"]
[Site "Belfort"]
[Date "2017.04.16"]
[Round "3.4"]
[White "David, Iris"]
[Black "Leriche, Ines"]
[Result "0-1"]
[ECO "D10"]
[WhiteElo "1587"]
[BlackElo "2037"]
[PlyCount "60"]
[EventDate "2017.??.??"]
[TimeControl "6000+695"]
[WhiteClock "0:35:09"]
[BlackClock "0:20:43"]

1. d4 d5 2. c4 c6 3. Nc3 Nf6 4. cxd5 cxd5 5. Bf4 Nc6 6. e3 a6 7. Nf3 Bg4 8. Be2
e6 9. Ne5 Bxe2 10. Qxe2 Rc8 11. Nxc6 Rxc6 12. a3 Be7 13. O-O O-O 14. Rac1 Qa5
15. Qd3 Rfc8 16. Rc2 Ne4 17. Rfc1 Nxc3 18. Rxc3 Rxc3 19. Rxc3 Rxc3 20. Qxc3
Qxc3 21. bxc3 Bxa3 22. Bc7 Kf8 23. Kf1 Ke7 24. Ke2 Kd7 25. Ba5 Kc6 26. Kd3 Kb5
27. Bc7 a5 28. e4 a4 29. e5 Be7 30. Kc2 b6 0-1

[Event "France Jeunes Belfort 2017"]
[Site "Belfort"]
[Date "2017.04.16"]
[Round "3.4"]
[White "Favarel-Lubeigt, Helina"]
[Black "David, Marie"]
[Result "1/2-1/2"]
[ECO "D31"]
[WhiteElo "1537"]
[BlackElo "1290"]
[PlyCount "150"]
[EventDate "2017.??.??"]
[TimeControl "6000+690"]
[WhiteClock "0:06:35"]
[BlackClock "0:07:24"]

1. d4 d5 2. c4 e6 3. Nc3 c6 4. e3 f5 5. b3 Bd6 6. Nf3 Nd7 7. Bb2 Ngf6 8. Ne2
Ne4 9. a3 Qa5+ 10. Nd2 Qd8 11. Nf4 Qf6 12. Be2 O-O 13. Nf3 b6 14. Rc1 Bb7 15.
O-O e5 16. Nd3 exd4 17. Bxd4 Qe6 18. Bb2 Rac8 19. Nd4 Qh6 20. h3 dxc4 21. Rxc4
c5 22. Nf3 Bd5 23. Rc1 Qe6 24. b4 cxb4 25. Nxb4 Bb3 26. Qd4 Ndf6 27. Nd2 Nxd2
28. Qxd2 Rfd8 29. Qe1 Kh8 30. Nc6 Bh2+ 31. Kxh2 Rxc6 32. Rxc6 Qxc6 33. Bf3 Qd6+
34. Kg1 Bc4 35. Be2 Bb3 36. Qb1 Ne4 37. Bxg7+ Kxg7 38. Qxb3 Nd2 39. Qb2+ Kg6
40. Rd1 f4 41. Qb4 fxe3 42. Qxd6+ Rxd6 43. fxe3 Kf5 44. g4+ Kg5 45. Kg2 h6 46.
Bf3 b5 47. Be2 a6 48. Rc1 Ne4 49. Kf3 Nd2+ 50. Kg2 Ne4 51. Rd1 Rxd1 52. Bxd1 a5
53. Kf3 Nd2+ 54. Ke2 Ne4 55. Bc2 Nc3+ 56. Kd3 Nd5 57. e4 Nf4+ 58. Kd4 Kf6 59.
h4 Ng6 60. h5 Ne5 61. Bd1 b4 62. axb4 axb4 63. Be2 b3 64. Kc3 Kg5 65. Kxb3 Nxg4
66. Bxg4 Kxg4 67. Kc4 Kxh5 68. Kd5 Kg6 69. e5 Kf7 70. Kd6 Ke8 71. Ke6 h5 72.
Kf5 h4 73. Kg4 Ke7 74. Kf4 Ke6 75. Ke4 h3 1/2-1/2

[Event "France Jeunes Belfort 2017"]
[Site "Belfort"]
[Date "2017.04.16"]
[Round "3.4"]
[White "Kambrath, Yannick"]
[Black "Dudognon, Thibault"]
[Result "1-0"]
[ECO "A06"]
[WhiteElo "2341"]
[BlackElo "2218"]
[PlyCount "81"]
[EventDate "2017.??.??"]
[TimeControl "6000+755"]
[WhiteClock "0:07:02"]
[BlackClock "0:05:37"]

1. Nf3 d5 2. g3 Bg4 3. Bg2 Nd7 4. O-O c6 5. d3 Ngf6 6. Qe1 e5 7. e4 dxe4 8.
dxe4 Qc7 9. Nbd2 h6 10. Nh4 O-O-O 11. a4 Be6 12. Qe2 g6 13. Nc4 Nb6 14. Ne3 a5
15. Bd2 Nc4 16. Bc3 Nxe3 17. Qxe3 b6 18. Nf3 Nd7 19. Rfd1 f6 20. Qe1 c5 21. Nh4
Bf7 22. Bh3 Be7 23. Ng2 h5 24. Ne3 h4 25. Qf1 Kb7 26. Nd5 Bxd5 27. Rxd5 hxg3
28. hxg3 Nb8 29. Rad1 Rxd5 30. Rxd5 Bd6 31. Bg2 c4 32. Qd1 Bb4 33. Bxb4 axb4
34. Qg4 Qf7 35. f4 Re8 36. Bf1 f5 37. Qf3 fxe4 38. Qxe4 exf4 39. Re5+ Nc6 40.
Rxe8 fxg3 41. Bg2 1-0

[Event "France Jeunes Belfort 2017"]
[Site "Belfort"]
[Date "2017.04.16"]
[Round "3.4"]
[White "Meillon, Judicael"]
[Black "Lamhene, Elias"]
[Result "1-0"]
[ECO "B20"]
[WhiteElo "1884"]
[BlackElo "1715"]
[PlyCount "123"]
[EventDate "2017.??.??"]
[TimeControl "6000+580"]
[WhiteClock "0:37:10"]
[BlackClock "0:36:52"]

1. e4 c5 2. b4 d6 3. Nf3 Nf6 4. Bb5+ Bd7 5. Bxd7+ Nbxd7 6. bxc5 Nxc5 7. d3 g6
8. Nc3 Bg7 9. Bd2 O-O 10. O-O d5 11. exd5 Nxd5 12. Nxd5 Qxd5 13. d4 Ne4 14. Bb4
Rfe8 15. Qd3 Ng5 16. Nxg5 Qxg5 17. Rad1 Rad8 18. Qe4 Qb5 19. c3 a5 20. Bc5 Qc4
21. Rb1 b5 22. Qc6 Rb8 23. Qa6 a4 24. Rfd1 Qxa2 25. Rxb5 Qe2 26. Rdb1 Rxb5 27.
Qxb5 Qxb5 28. Rxb5 Ra8 29. Ba3 e6 30. Kf1 Bf8 31. Bxf8 Kxf8 32. Ke2 a3 33. Rb1
a2 34. Ra1 Ke7 35. Kd3 Kd6 36. Kc4 Ra7 37. Kb3 Rb7+ 38. Kxa2 Kd5 39. Rb1 Rc7
40. Kb3 Ke4 41. Kc2 Rd7 42. Re1+ Kd5 43. Re5+ Kc6 44. Rc5+ Kb6 45. Kd3 f6 46.
Kc4 f5 47. Kb4 h5 48. Re5 Rd6 49. c4 Kc6 50. Rxe6 Rxe6 51. d5+ Kd6 52. dxe6
Kxe6 53. Kc5 Kd7 54. Kd5 h4 55. Ke5 Kc6 56. Kf6 f4 57. Kxg6 Kc5 58. Kf5 Kxc4
59. Kxf4 Kd5 60. Kg5 Ke6 61. f4 Kf7 62. f5 1-0

[Event "France Jeunes Belfort 2017"]
[Site "Belfort"]
[Date "2017.04.16"]
[Round "3.4"]
[White "Mutzel, Annabelle"]
[Black "Vigna, Liza"]
[Result "1-0"]
[ECO "B01"]
[WhiteElo "1607"]
[BlackElo "1864"]
[PlyCount "41"]
[EventDate "2017.??.??"]
[TimeControl "6000+1255"]
[WhiteClock "1:13:49"]
[BlackClock "0:42:05"]

1. e4 d5 2. exd5 Qxd5 3. Nc3 Qa5 4. d4 Nf6 5. Nf3 Bg4 6. h3 Bh5 7. g4 Bg6 8.
Bd2 Nc6 9. Nb5 Qb6 10. c4 Nb8 11. c5 Qe6+ 12. Ne5 Na6 13. Qa4 c6 14. Qxa6 bxa6
15. Nc7+ Kd8 16. Nxe6+ fxe6 17. Nxc6+ Kc7 18. Nb4 Rd8 19. Bf4+ Kb7 20. Bxa6+
Ka8 21. c6 1-0

[Event "France Jeunes Belfort 2017"]
[Site "Belfort"]
[Date "2017.04.16"]
[Round "3.4"]
[White "Principato, Guillaume"]
[Black "Kieffer, Anatole"]
[Result "0-1"]
[ECO "E62"]
[WhiteElo "2073"]
[BlackElo "2263"]
[PlyCount "86"]
[EventDate "2017.??.??"]
[TimeControl "6000+1075"]
[WhiteClock "0:00:36"]
[BlackClock "0:03:19"]

1. c4 Nf6 2. Nc3 g6 3. g3 Bg7 4. Bg2 O-O 5. Nf3 d6 6. d4 Nc6 7. d5 Na5 8. Nd2
c5 9. O-O a6 10. Rb1 Rb8 11. Qc2 b5 12. b3 Qc7 13. Bb2 bxc4 14. bxc4 Bh6 15. f4
Ng4 16. Rf3 Bg7 17. Nd1 e5 18. h3 Nh6 19. e4 f5 20. fxe5 dxe5 21. Ne3 Nb7 22.
exf5 gxf5 23. Nef1 Bd7 24. Re1 Nf7 25. Rf2 Nbd6 26. Nb3 Rfc8 27. Rfe2 Nb7 28.
Qd2 a5 29. Qc2 a4 30. Nbd2 Nbd6 31. Rb1 Re8 32. Ree1 Re7 33. Bc3 Rf8 34. Re2
Ng5 35. Kh2 f4 36. gxf4 Rxf4 37. Bb2 Rh4 38. Re3 Nf5 39. Ra3 e4+ 40. Ng3 e3 41.
Ndf1 Nxg3 42. Nxg3 Bxh3 43. Bxg7 Bf5+ 0-1

[Event "France Jeunes Belfort 2017"]
[Site "Belfort"]
[Date "2017.04.16"]
[Round "3.4"]
[White "Tomasi, Albert"]
[Black "Raclot, Leo"]
[Result "1-0"]
[ECO "B01"]
[WhiteElo "2176"]
[BlackElo "1887"]
[PlyCount "57"]
[EventDate "2017.??.??"]
[TimeControl "6000+790"]
[WhiteClock "0:15:17"]
[BlackClock "0:13:00"]

1. e4 d5 2. exd5 Nf6 3. d4 Nxd5 4. Nf3 g6 5. c4 Nb6 6. Be2 Bg7 7. O-O O-O 8.
Be3 Nc6 9. h3 e5 10. d5 Ne7 11. Nc3 Nf5 12. Bc5 Nd6 13. Ba3 Nbxc4 14. Bxc4 Nxc4
15. Bxf8 Qxf8 16. Qe2 e4 17. Nxe4 Nxb2 18. Rac1 Bf5 19. Rfe1 Qd8 20. g4 Bxe4
21. Qxe4 Qd6 22. Nd4 Qb6 23. Nb3 Rd8 24. Rc2 a5 25. Qe7 c6 26. dxc6 Rc8 27.
Qe8+ Rxe8 28. Rxe8+ Bf8 29. c7 1-0

[Event "France Jeunes Belfort 2017"]
[Site "Belfort"]
[Date "2017.04.16"]
[Round "3.4"]
[White "Tomasi, Elise"]
[Black "David, Irene"]
[Result "1/2-1/2"]
[ECO "D02"]
[WhiteElo "1761"]
[BlackElo "1545"]
[PlyCount "70"]
[EventDate "2017.??.??"]
[TimeControl "6000+1055"]
[WhiteClock "0:04:43"]
[BlackClock "0:07:14"]

1. d4 d5 2. Nf3 Nc6 3. c4 e5 4. cxd5 Qxd5 5. dxe5 Qxd1+ 6. Kxd1 Bg4 7. b3
O-O-O+ 8. Nbd2 Bc5 9. Ke1 Nb4 10. Kd1 Bxf2 11. a3 Nc6 12. Bb2 Be3 13. Ke1 Nge7
14. Rd1 Ng6 15. g3 Bxf3 16. exf3 Ngxe5 17. Be2 Rhe8 18. Bxe5 Nxe5 19. Ne4 f5
20. Nf2 Bc5 21. Kf1 Rxd1+ 22. Nxd1 Bxa3 23. f4 Ng4 24. Bd3 g6 25. h3 Ne3+ 26.
Kf2 Bc5 27. Kf3 Nxd1 28. Rxd1 Re3+ 29. Kg2 c6 30. Rd2 Bb4 31. Rd1 b5 32. g4
fxg4 33. hxg4 Bd6 34. Bxg6 Bxf4 35. Bxh7 a6 1/2-1/2

[Event "France Jeunes Belfort 2017"]
[Site "Belfort"]
[Date "2017.04.16"]
[Round "3.5"]
[White "Dillenschneider, Ernesto"]
[Black "Lamard, Guillaume"]
[Result "0-1"]
[ECO "A41"]
[WhiteElo "2037"]
[BlackElo "2307"]
[PlyCount "60"]
[EventDate "2017.??.??"]
[TimeControl "6000+2025"]
[WhiteClock "0:19:28"]
[BlackClock "0:18:56"]

1. d4 d6 2. c4 e5 3. Nf3 exd4 4. Nxd4 g6 5. g3 Bg7 6. Bg2 Ne7 7. Nc3 O-O 8. Bg5
h6 9. Be3 a6 10. Qd2 Kh7 11. Rd1 Nd7 12. h3 Rb8 13. b3 Nf6 14. g4 Bd7 15. a4
Nc6 16. Nd5 Re8 17. O-O Ne4 18. Qc2 Ng5 19. Nf4 Ne5 20. Bc1 c5 21. Nf3 Ngxf3+
22. exf3 Bc6 23. Nh5 Bh8 24. Qd2 gxh5 25. Qxh6+ Kg8 26. Rxd6 Qe7 27. Bb2 Bg7
28. Qd2 Rbd8 29. Rxd8 Rxd8 30. Qe3 Nxf3+ 0-1

[Event "France Jeunes Belfort 2017"]
[Site "Belfort"]
[Date "2017.04.16"]
[Round "3.6"]
[White "Fleurquin, Bryan"]
[Black "Micottis, Dorian"]
[Result "0-1"]
[ECO "B23"]
[WhiteElo "1921"]
[BlackElo "2249"]
[PlyCount "68"]
[EventDate "2017.??.??"]
[TimeControl "5400+1020"]
[WhiteClock "0:00:49"]
[BlackClock "0:06:49"]

1. e4 c5 2. Nc3 e6 3. f4 d5 4. Bb5+ Nc6 5. exd5 exd5 6. d4 Nf6 7. Nf3 Be7 8.
Ne5 Qb6 9. Be3 O-O 10. Bxc6 bxc6 11. O-O cxd4 12. Bxd4 c5 13. Bf2 Bb7 14. Rb1
d4 15. Ne2 Rad8 16. Ng3 Ne4 17. Nf5 Bf6 18. Bh4 Bxh4 19. Nxh4 f6 20. Nc4 Qe6
21. Qe2 Rfe8 22. Nd2 Ba6 23. Qxe4 Qxe4 24. Nxe4 Bxf1 25. Nxc5 Bc4 26. b3 Bb5
27. a4 Bc6 28. Kf2 Be4 29. Rb2 a5 30. Nf3 Bxf3 31. Kxf3 Re3+ 32. Kf2 Rde8 33.
Nb7 Re2+ 34. Kf1 d3 0-1

[Event "France Jeunes Belfort 2017"]
[Site "Belfort"]
[Date "2017.04.18"]
[Round "4.1"]
[White "Afraoui, Anaelle"]
[Black "Retailleau, Elise"]
[Result "0-1"]
[ECO "B32"]
[WhiteElo "1977"]
[BlackElo "1946"]
[PlyCount "88"]
[EventDate "2017.??.??"]
[TimeControl "6000+1115"]
[WhiteClock "0:01:41"]
[BlackClock "0:02:00"]

1. e4 c5 2. Nf3 Nc6 3. d4 cxd4 4. Nxd4 e5 5. Nb5 d6 6. N1c3 a6 7. Na3 b5 8. Nd5
Nge7 9. c4 Nxd5 10. exd5 Nd4 11. Nc2 Nxc2+ 12. Qxc2 Bd7 13. cxb5 axb5 14. Bd3
g6 15. h4 f5 16. Bg5 Qa5+ 17. Kf1 Kf7 18. h5 Bg7 19. g4 e4 20. Bxe4 fxe4 21.
Qxe4 Rae8 22. Qf4+ Kg8 23. hxg6 Rf8 24. Qe3 Qb4 25. gxh7+ Rxh7 26. Rxh7 Kxh7
27. f4 Bxg4 28. Qd3+ Kg8 29. Qg3 Qc4+ 30. Kg1 Bd4+ 31. Kh1 Qxd5+ 32. Kh2 Be6
33. Bh6+ Kh7 34. Qh4 Bg7 35. Bxg7+ Kxg7 36. Rg1+ Kf7 37. Qh7+ Ke8 38. Rg2 Qd4
39. Rg7 Qxf4+ 40. Rg3 Rg8 41. Qh5+ Kd8 42. Qf3 Qxg3+ 43. Qxg3 Rxg3 44. Kxg3
Bxa2 0-1

[Event "France Jeunes Belfort 2017"]
[Site "Belfort"]
[Date "2017.04.18"]
[Round "4.1"]
[White "Belluire, Beatrice"]
[Black "Lomandong, Noela-Joyce"]
[Result "1-0"]
[ECO "B00"]
[WhiteElo "1786"]
[BlackElo "1987"]
[PlyCount "113"]
[EventDate "2017.??.??"]
[TimeControl "6000+1850"]
[WhiteClock "0:03:18"]
[BlackClock "0:02:00"]

1. e4 b6 2. d4 Bb7 3. Nc3 Nf6 4. f3 e6 5. Be3 Bb4 6. Qd2 Bxe4 7. fxe4 Nxe4 8.
Qd3 Bxc3+ 9. bxc3 Qh4+ 10. Ke2 f5 11. Nh3 Nc6 12. Bf2 Qg4+ 13. Ke1 Ne7 14. Rg1
Nd5 15. Be2 Qg6 16. c4 Nb4 17. Qb3 c5 18. a3 Nc6 19. d5 Qf6 20. Rd1 Nxf2 21.
Kxf2 Nd4 22. Qd3 Qh4+ 23. Kf1 O-O 24. c3 Nxe2 25. Qxe2 Rae8 26. Qd3 e5 27. Re1
h6 28. Re3 e4 29. Qe2 Kh7 30. Nf2 Qxh2 31. g3 f4 32. Rh1 f3 33. Rxh2 fxe2+ 34.
Kxe2 Re5 35. Nxe4 Rfe8 36. Kd3 Kg6 37. Rhe2 b5 38. cxb5 Rxd5+ 39. Kc4 Rde5 40.
a4 d5+ 41. Kd3 dxe4+ 42. Rxe4 Rd8+ 43. Kc4 Rg5 44. R2e3 Rc8 45. a5 Kh5 46. Re5
Kg6 47. Rxg5+ Kxg5 48. Re5+ Kf6 49. Rxc5 Re8 50. b6 axb6 51. axb6 Rb8 52. Kb5
g5 53. Ka6 Ke7 54. Ka7 Rd8 55. b7 Kd6 56. Rc8 Rd7 57. Ka8 1-0

[Event "France Jeunes Belfort 2017"]
[Site "Belfort"]
[Date "2017.04.18"]
[Round "4.1"]
[White "Coiffait, Pierre-Basile"]
[Black "Burri, Quentin"]
[Result "1/2-1/2"]
[ECO "D10"]
[WhiteElo "2193"]
[BlackElo "2372"]
[PlyCount "80"]
[EventDate "2017.??.??"]
[TimeControl "6000+1125"]
[WhiteClock "0:00:38"]
[BlackClock "0:17:06"]

1. d4 d5 2. c4 c6 3. cxd5 cxd5 4. Bf4 Nc6 5. e3 a6 6. Nc3 Nf6 7. Be2 e6 8. Bd3
Be7 9. Rc1 Bd7 10. h3 O-O 11. Nf3 b5 12. O-O Qb6 13. Ne5 Rfc8 14. Qf3 Be8 15.
Ne2 Nxe5 16. dxe5 Ne4 17. Bxe4 dxe4 18. Qg4 b4 19. Bh6 Bf8 20. Nd4 Qb7 21. Bf4
Qd5 22. b3 Rc3 23. Rcd1 Qb7 24. Rd2 a5 25. Rfd1 a4 26. h4 axb3 27. axb3 Kh8 28.
h5 h6 29. Bg3 Rac8 30. Bh4 Rc1 31. Qf4 Kg8 32. g4 R1c5 33. Qh2 Qc7 34. Bg3 Rc1
35. Bf4 Qc3 36. Kg2 Qa1 37. Qh1 Be7 38. Qe1 Rxd1 39. Rxd1 Qc3 40. Qf1 Qc5
1/2-1/2

[Event "France Jeunes Belfort 2017"]
[Site "Belfort"]
[Date "2017.04.18"]
[Round "4.1"]
[White "Harutyunyan, Ruben"]
[Black "Maache, Jawad"]
[Result "1/2-1/2"]
[ECO "D48"]
[WhiteElo "2218"]
[BlackElo "2119"]
[PlyCount "59"]
[EventDate "2017.??.??"]
[TimeControl "6000+2745"]
[WhiteClock "0:01:40"]
[BlackClock "0:10:00"]

1. d4 d5 2. c4 e6 3. Nf3 c6 4. e3 Nf6 5. Nc3 Nbd7 6. Be2 dxc4 7. Bxc4 b5 8. Bd3
a6 9. O-O c5 10. Qe2 Bb7 11. Rd1 Qb8 12. h3 Bd6 13. dxc5 Nxc5 14. Bc2 O-O 15.
b4 Ncd7 16. Rb1 Rc8 17. Rb3 Ne5 18. Nxe5 Bxe5 19. Bb2 Qc7 20. f4 Bd6 21. Rd2
Be7 22. Nd1 Ne4 23. Bxe4 Bxe4 24. Nf2 Bd5 25. Rc3 Bc4 26. Qg4 f5 27. Qd1 Rd8
28. a3 Rxd2 29. Qxd2 Rd8 30. Qc1 1/2-1/2

[Event "France Jeunes Belfort 2017"]
[Site "Belfort"]
[Date "2017.04.18"]
[Round "4.1"]
[White "Micottis, Dorian"]
[Black "Tahay, Alexis"]
[Result "1/2-1/2"]
[ECO "B63"]
[WhiteElo "2249"]
[BlackElo "2239"]
[PlyCount "59"]
[EventDate "2017.??.??"]
[TimeControl "6000+920"]
[WhiteClock "0:03:33"]
[BlackClock "0:20:14"]

1. e4 c5 2. Nf3 d6 3. d4 cxd4 4. Nxd4 Nf6 5. Nc3 Nc6 6. Bg5 e6 7. Qd2 Qb6 8.
Nb3 Be7 9. f3 O-O 10. O-O-O Rd8 11. h4 a6 12. Kb1 Qc7 13. Be3 b5 14. g4 d5 15.
exd5 b4 16. Na4 Nxd5 17. Bd3 Ne5 18. Qf2 Nxe3 19. Qxe3 Bb7 20. Be4 Nc4 21.
Rxd8+ Rxd8 22. Qe2 Bxe4 23. fxe4 Qc6 24. Nac5 Nxb2 25. Qxa6 Qxa6 26. Nxa6 Na4
27. e5 Nc3+ 28. Kc1 Bxh4 29. Nxb4 Bg3 30. Nd3 1/2-1/2

[Event "France Jeunes Belfort 2017"]
[Site "Belfort"]
[Date "2017.04.18"]
[Round "4.1"]
[White "Nguyen, Thao Nhi"]
[Black "Gattegno-Graciet, Maylis"]
[Result "1/2-1/2"]
[ECO "B24"]
[WhiteElo "1691"]
[BlackElo "1434"]
[PlyCount "77"]
[EventDate "2017.??.??"]
[TimeControl "6000+580"]
[WhiteClock "0:30:50"]
[BlackClock "0:28:07"]

1. e4 c5 2. Nc3 Nc6 3. Bb5 g6 4. Bxc6 bxc6 5. d3 Bg7 6. f4 e6 7. Nf3 Ne7 8. O-O
O-O 9. Qe1 d5 10. Na4 c4 11. dxc4 dxc4 12. Nc3 f5 13. e5 Nd5 14. Kh1 Bb7 15.
Nd4 Re8 16. Nd1 a6 17. Ne3 Qb6 18. c3 c5 19. Nxc4 Qc7 20. Nc2 Qc6 21. Qf2 Bf8
22. N2e3 Rad8 23. Qc2 Rd7 24. b3 Red8 25. Kg1 Bh6 26. Nxd5 Rxd5 27. Qe2 Qb5 28.
Be3 Rd3 29. Rad1 Qd7 30. Nd6 Rxd1 31. Rxd1 Be4 32. Rd2 Qc7 33. Qxa6 Qe7 34.
Bxc5 Bxf4 35. Nxe4 Qc7 36. Qxe6+ Kh8 37. Qf6+ Kg8 38. Rxd8+ Qxd8 39. Qxd8+
1/2-1/2

[Event "France Jeunes Belfort 2017"]
[Site "Belfort"]
[Date "2017.04.18"]
[Round "4.1"]
[White "Parlas, Helin"]
[Black "Saliou, Sarah"]
[Result "0-1"]
[ECO "B24"]
[WhiteElo "1606"]
[BlackElo "1684"]
[PlyCount "60"]
[EventDate "2017.??.??"]
[TimeControl "6000+900"]
[WhiteClock "0:19:08"]
[BlackClock "0:19:01"]

1. e4 c5 2. Nc3 Nc6 3. Bc4 g6 4. f4 Bg7 5. Nf3 e6 6. d3 Nge7 7. e5 d5 8. Bb3 a6
9. a4 O-O 10. O-O Rb8 11. Ne2 b5 12. c3 b4 13. Be3 Qb6 14. Bc2 b3 15. Bb1 Nf5
16. Bf2 d4 17. g4 dxc3 18. Nxc3 Nfd4 19. Ne4 f6 20. Nxd4 Nxd4 21. Bh4 fxe5 22.
Be7 Rxf4 23. Bxc5 Qd8 24. Bd6 Rb7 25. Rxf4 exf4 26. Bxf4 Rf7 27. Bd6 Bb7 28.
Ra3 Bxe4 29. dxe4 Qxd6 30. Rxb3 Nf3+ 0-1

[Event "France Jeunes Belfort 2017"]
[Site "Belfort"]
[Date "2017.04.18"]
[Round "4.1"]
[White "Philippe, Guillaume"]
[Black "Meunier, Clement"]
[Result "1-0"]
[ECO "A05"]
[WhiteElo "2307"]
[BlackElo "2240"]
[PlyCount "83"]
[EventDate "2017.??.??"]
[TimeControl "6000+1395"]
[WhiteClock "0:07:32"]
[BlackClock "0:01:23"]

1. Nf3 Nf6 2. e3 g6 3. b4 Bg7 4. Bb2 d6 5. Be2 O-O 6. O-O Nbd7 7. c4 a5 8. b5
e5 9. d3 Re8 10. Nbd2 Nc5 11. a4 e4 12. dxe4 Nfxe4 13. Bxg7 Kxg7 14. Nxe4 Nxe4
15. Nd4 f5 16. Bf3 Nc5 17. Nb3 Re5 18. Bd5 Qf6 19. Nxc5 dxc5 20. Qd2 Re8 21.
Ra3 Rd8 22. Rd3 f4 23. Bf3 Bf5 24. Rxd8 Rxd8 25. Qxa5 b6 26. Qa7 fxe3 27. Qxc7+
Rd7 28. Qf4 exf2+ 29. Rxf2 Rd4 30. Qc1 Be6 31. Be2 Qd8 32. Qc3 Kg8 33. Qe3 Bf5
34. h3 Re4 35. Qg3 Qd2 36. Bf3 Qe1+ 37. Kh2 Re7 38. Bd5+ Kg7 39. a5 bxa5 40. b6
Bc8 41. Rf7+ Kh8 42. Qxe1 1-0

[Event "France Jeunes Belfort 2017"]
[Site "Belfort"]
[Date "2017.04.18"]
[Round "4.1"]
[White "Popov, Konstantin"]
[Black "Laurent-Paoli, Louis"]
[Result "1/2-1/2"]
[ECO "C78"]
[WhiteElo "2026"]
[BlackElo "1749"]
[PlyCount "134"]
[EventDate "2017.??.??"]
[TimeControl "6000+1395"]
[WhiteClock "0:00:42"]
[BlackClock "0:02:52"]

1. e4 e5 2. Nf3 Nc6 3. Bb5 a6 4. Ba4 Nf6 5. O-O b5 6. Bb3 Be7 7. c3 O-O 8. d3
d5 9. Nbd2 Bg4 10. Re1 dxe4 11. dxe4 Qd7 12. h3 Bh5 13. Qe2 Rad8 14. Bc2 Bc5
15. Nf1 h6 16. Ng3 Bxf3 17. Qxf3 Nh7 18. Nf5 Ne7 19. Qg4 Nxf5 20. exf5 Nf6 21.
Qh4 e4 22. Bxe4 Nxe4 23. Rxe4 Qxf5 24. Be3 Bxe3 25. Rxe3 Rd2 26. b4 Rfd8 27.
Qg3 c6 28. a3 Rd1+ 29. Rxd1 Rxd1+ 30. Kh2 Qb1 31. Re8+ Kh7 32. Qg4 Rh1+ 33. Kg3
Qd3+ 34. Re3 Qd6+ 35. Qf4 Qg6+ 36. Kf3 Qh5+ 37. Qg4 Qxg4+ 38. hxg4 Ra1 39. Ke4
Rxa3 40. Kd4 a5 41. Kc5 axb4 42. cxb4 Ra4 43. Rb3 Ra6 44. Rd3 g5 45. f3 Ra2 46.
Kxc6 Rxg2 47. Kxb5 h5 48. gxh5 g4 49. fxg4 Rxg4 50. Rh3 f5 51. Kc5 f4 52. b5
Kh6 53. b6 Rg3 54. Rh1 Rb3 55. Kc6 f3 56. Rh2 Rc3+ 57. Kd7 Rb3 58. Kc7 Rc3+ 59.
Kb8 Rb3 60. b7 Rc3 61. Ka7 Ra3+ 62. Kb6 Rb3+ 63. Kc7 Rc3+ 64. Kb8 Rb3 65. Rh1
Rb2 66. Rc1 Kxh5 67. Kc7 Kg5 1/2-1/2

[Event "France Jeunes Belfort 2017"]
[Site "Belfort"]
[Date "2017.04.18"]
[Round "4.1"]
[White "Yuan, Beline"]
[Black "Randrianarimanana, Alicia"]
[Result "1/2-1/2"]
[ECO "E70"]
[WhiteElo "1845"]
[BlackElo "1636"]
[PlyCount "71"]
[EventDate "2017.??.??"]
[TimeControl "6000+1030"]
[WhiteClock "0:05:38"]
[BlackClock "0:03:03"]

1. d4 Nf6 2. c4 g6 3. Nc3 Bg7 4. e4 O-O 5. e5 Ne8 6. f4 d6 7. Nf3 c5 8. dxc5
Nc6 9. cxd6 exd6 10. Be2 Bg4 11. exd6 Nxd6 12. O-O Bxf3 13. Rxf3 Re8 14. Bf1
Qb6+ 15. Kh1 Bxc3 16. bxc3 Rad8 17. Qc2 Na5 18. h3 Ndxc4 19. f5 Re1 20. fxg6
hxg6 21. Rb1 Qxb1 22. Qxb1 Rdd1 23. Kh2 Rxc1 24. Qb5 Nd2 25. Rf4 Nxf1+ 26. Rxf1
Rxf1 27. Qxa5 b6 28. Qxa7 Rh1+ 29. Kg3 Rxc3+ 30. Kh4 Rc4+ 31. Kg3 Rc3+ 32. Kh4
Rc4+ 33. g4 Rb1 34. Qb8+ Kg7 35. Qe5+ Kh7 36. Qe7 1/2-1/2